 Dungeon Crawl Stone Soup version 0.30-a0-782-ge64f9170bb (webtiles) character file.

Game seed: 12652793672738049583

18 Leeroy the Changer (level 2, 0/18 HPs)
             Began as an Octopode Transmuter on Feb 22, 2023.
             Slain by a goblin
             ... wielding a +0 dagger
              (3 damage)
             ... on level 1 of the Dungeon.
             The game lasted 00:00:29 (161 turns).

Leeroy the Changer (Octopode Transmuter)             Turns: 161, Time: 00:00:29

Health: 0/18       AC:  1    Str:  9    XL:     2   Next: 70%
Magic:  5/5        EV: 13    Int: 15    God:
Gold:   0          SH:  0    Dex: 12    Spells: 4/5 levels left

rFire   . . .      SeeInvis .      - Unarmed
rCold   . . .      Faith    .    (no shield)
rNeg    . . .      Spirit   .    (helmet restricted)
rPois   .          Reflect  .    (no amulet)
rElec   .          Harm     .    (no ring)
rCorr   .          Rampage  .    (no ring)
Will    .....                    (no ring)
Stlth   ++                       (no ring)
HPRegen 0.23/turn                (no ring)
MPRegen 0.09/turn                (no ring)
                                 (no ring)
                                 (no ring)

@: no status effects
A: almost no armour, amphibious, 8 rings, camouflage 1, gelatinous body 1,
(nimble swimmer 1), tentacles
a: no special abilities


You were on level 1 of the Dungeon.
You visited 1 branch of the dungeon, and saw 1 of its levels.

Inventory:

Scrolls
 b - a scroll of amnesia {unknown}
Potions
 a - a potion of lignification


   Skills:
 - Level 1.0 Fighting
 - Level 2.0 Dodging
 - Level 3.0 Unarmed Combat
 - Level 2.0 Spellcasting
 + Level 3.2 Transmutations


You had 4 spell levels left.
You knew the following spells:

 Your Spells              Type           Power      Damage    Failure   Level
a - Beastly Appendage     Tmut           22%        N/A       6%          1

Your spell library contained the following spells:

 Spells                   Type           Power      Damage    Failure   Level
 Wereblood                Tmut           11%        N/A       9%          2
 Spider Form              Tmut/Pois      6%         N/A       34%         3
 Ice Form                 Ice/Tmut       6%         N/A       75%         4


Dungeon Overview and Level Annotations

Branches:
Dungeon (1/15)

Altars:


Innate Abilities, Weirdness & Mutations

You cannot wear most types of armour.
You are amphibious.
You can wear up to eight rings at the same time.
Your skin changes colour to match your surroundings (Stealth+).
Your rubbery body absorbs attacks. (AC +1, EV +1)
((You are camouflaged when in or above water. (Stealth+)))
You have tentacles for arms and can constrict up to eight enemies at once.


Message History

The giant cockroach is moderately wounded.
You constrict the giant cockroach, but do no damage.
The giant cockroach completely misses you.
You tentacle-slap the giant cockroach but do no damage.
The giant cockroach is moderately wounded.
You constrict the giant cockroach, but do no damage.
The giant cockroach barely misses you.
You tentacle-slap the giant cockroach.
The giant cockroach is severely wounded.
You constrict the giant cockroach. The giant cockroach barely misses you.
You tentacle-slap the giant cockroach.
You kill the giant cockroach!
You tentacle-slap the jackal. Your grab misses the jackal.
The jackal is moderately wounded.
The jackal bites you.
* * * LOW HITPOINT WARNING * * *
You closely miss the jackal. Your grab misses the jackal.
The jackal is moderately wounded.
The jackal barely misses you. The jackal bites you.
* * * LOW HITPOINT WARNING * * *
You tentacle-slap the jackal. You grab the jackal.
The jackal is almost dead.
You constrict the jackal, but do no damage.
The jackal barely misses you.
You tentacle-slap the jackal but do no damage.
The jackal is almost dead.
You constrict the jackal.
You kill the jackal!
You tentacle-slap the goblin. Your grab misses the goblin.
You squeeze the goblin.
The goblin is severely wounded.
The goblin barely misses you.
You miss the goblin. Your grab misses the goblin.
Your squeeze misses the goblin.
The goblin is severely wounded.
The goblin hits you but does no damage.
You closely miss the goblin. Your grab misses the goblin.
The goblin is severely wounded.
The goblin hits you with a +0 dagger.
You die...

#. #.# #.# #.#
#######
#.#####....$..
#.#... .......
.######.#.###.......
...........@gg......
######.#.###.......
#.#.# ....... .....
#.#.# ....... .....
#.#.# ....... ......
#.#.# ....... ......
#.#.# #...... .
....# #.#.# ......
... ... #.#.#


You could see 2 goblins.

Vanquished Creatures
  2 endoplasms (D:1)
  A giant cockroach (D:1)
  3 jackals (D:1)
  2 kobolds (D:1)
  A quokka (D:1)
  2 ball pythons (D:1)
  2 frilled lizards (D:1)
  5 rats (D:1)
18 creatures vanquished.

Notes
Turn   | Place    | Note
-------+----------+-------------------------------------------
     0 | D:1      | Leeroy the Octopode Transmuter began the quest for the Orb.
     0 | D:1      | Reached XP level 1. HP: 13/13 MP: 3/3
    74 | D:1      | Reached XP level 2. HP: 18/18 MP: 5/5
   161 | D:1      | Slain by a goblin

Illustrated notes

Levels and vault maps discovered:
D:1:      onia_arrival_handbag, layout_basic

Skill      XL: |  1  2 |
---------------+-------+-----
Transmutations | 3 |  3.2
Fighting       | |  1.0
Dodging        | |  2.0
Unarmed Combat | |  3.0
Spellcasting   | |  2.0

Action                     || total
---------------------------++-------
  Melee: Unarmed           ||    43
         Constrict         ||    12
         Tentacles         ||    11
         Punch             ||     2
   Cast: Beastly Appendage ||     1
   Stab: Sleeping          ||     1
 Armour: Skin              ||     2
  Dodge: Dodged            ||    24

Table legend: (Time is in decaauts)
 A = Elapsed time spent in this place.
 B = Non-inter-level travel time spent in this place.
 C = Inter-level travel time spent in this place.
 D = Time resting spent in this place.
 E = Time spent auto-exploring this place.
 F = Levels seen in this place.
 G = Mean time per level.
                   A        B        C        D        E       F      G
               +--------+--------+--------+--------+--------+-----+--------+
         Total |    158 |    158 |      0 |      0 |     71 |   1 |  158.0 |
       Dungeon |    158 |    158 |      0 |      0 |     71 |   1 |  158.0 |
               +--------+--------+--------+--------+--------+-----+--------+

Top non-repeatable levels by time:
     D:1: 158 daAuts
